 Dungeon Crawl Stone Soup version 0.31-a0-700-gf13585253f (webtiles) character file.

Game seed: 2131048485643022193

50172 qw the Marksgargoyle (level 14, 0/96 HPs)
             Began as a Gargoyle Hunter on Sept 7, 2023.
             Was a High Priest of Okawaru.
             Slain by a bone dragon (8 damage)
             ... on level 2 of the Abyss.
             The game lasted 00:09:50 (17844 turns).

qw the Marksgargoyle (Gargoyle Hunter)             Turns: 17844, Time: 00:09:51

Health: 0/96       AC: 31    Str: 12    XL:     14   Next: 54%
Magic:  21/21      EV: 17    Int: 12    God:    Okawaru [*****.]
Gold:   862        SH:  5    Dex: 17    Spells: 13/13 levels left

rFire   + . .        o - +5 orcbow
rCold   . . .        (shield currently unavailable)
rNeg    + . .        n - +2 ring mail {rF+}
rPois   inf          e - +1 helmet
rElec   +            s - +1 cloak
rCorr   .            q - +0 pair of gloves
SInv    .            (no boots)
Will    ++...        t - amulet of reflection
Stlth   +++          k - ring of Pantheism {Wiz Fly Will+ Str-4 Int+2}
HPRegen 0.36/turn    c - +4 ring of protection
MPRegen 0.17/turn

%: reflection, wizardry (x1)
@: heroic, flying
A: sickness immunity, AC +10, big wings, negative energy resistance 1,
electricity resistance, torment resistance 1, petrification resistance
a: Renounce Religion, Heroism, Finesse, Duel


You were on level 2 of the Abyss.
You worshipped Okawaru.
Okawaru was extremely pleased with you.
You visited 3 branches of the dungeon, and saw 20 of its levels.
You visited the Abyss 1 time.
You also visited: Sewer and Ossuary.

You collected 1312 gold pieces.
You spent 450 gold pieces at shops.


Innate Abilities, Weirdness & Mutations

You are immune to sickness and miasma.
Your stone body is resilient. (AC +10)
You are immune to poison.
Your large and strong wings let you fly.
You resist negative energy. (rN+)
You are resistant to electric shocks. (rElec)
You are resistant to unholy torment.
You are immune to petrification.


   Skills:
 + Level 14.2(19.2) Fighting
 - Level 16.3(21.3) Ranged Weapons
 - Level 9.1(14.1) Armour
 - Level 7.0(12.0) Dodging
 - Level 1.1(6.1) Stealth
 - Level 10.0 Invocations


You had 13 spell levels left.
You didn't know any spells.
Your spell library was empty.

Inventory:

Hand Weapons
 o - a +5 orcbow (weapon)
Armour
 e - a +1 helmet (worn)
 f - the +2 leather armour "Iruylus" {rCorr}
   (You found it on level 4 of the Lair of Beasts)

   rCorr:     It protects you from acid and corrosion.
 n - a +2 ring mail of fire resistance (worn)
 q - a +0 pair of gloves (worn)
 s - a +1 cloak (worn)
Jewellery
 c - a +4 ring of protection (right hand)
 j - a ring of willpower
 k - the ring of Pantheism (left hand) {Wiz Fly Will+ Str-4 Int+2}
   (You found it on level 3 of the Lair of Beasts)

   [ring of wizardry]

   Wiz:       It improves your spell success rate.
   Str-4:     It affects your strength (-4).
   Int+2:     It affects your intelligence (+2).
   Will+:     It increases your willpower.
   Fly:       It grants you flight.
 t - an amulet of reflection (around neck)
 Y - a ring of protection from cold
Scrolls
 a - 6 scrolls of identify
Potions
 d - 7 potions of curing
 g - 4 potions of might
 h - 3 potions of haste
 i - 2 potions of enlightenment
 l - 2 potions of mutation
 m - 3 potions of resistance
 p - a potion of magic

Dungeon Overview and Level Annotations

Branches:
Dungeon (14/15)            Temple (1/1) D:7            Lair (5/5) D:11
  Swamp (0/4) Lair:3       Spider (0/4) Lair:2        Slime (0/5) Lair:4
    Orc (0/2) D:9           Sewer (visited)         Ossuary (visited)
 Vaults: D:13-14

Altars:
Ashenzari
Cheibriados
Dithmenos
Elyvilon
Fedhas
Gozag
Hepliaklqana
Kikubaaqudgha
Makhleb
Nemelex Xobeh
Okawaru
Qazlal
Ru
Sif Muna
Trog
Uskayaw
Vehumet
Wu Jian
Xom
Yredelemnul
Zin
The Shining One

Shops:
D:5 (   D:8 =:

Annotations:
D:3 1 runed translucent door, Crazy Yiuf
D:5 exclusion: 7 orcs
Lair:5 exclusion: 4 lindwurms


Message History

The smoke demon gestures at you. The ball of steam hits you. You resist.
You start resting.
A smoke demon is nearby!
You shoot an arrow. The arrow hits the smoke demon.
You kill the smoke demon!
Okawaru accepts your kill.
You shoot an arrow. The arrow hits the hell hound.
The hell hound is lightly wounded.
You shoot an arrow. The arrow hits the hell hound!
The hell hound is severely wounded.
The hell hound bites you but does no damage.
You shoot an arrow. The arrow hits the hell hound!
You kill the hell hound!
Okawaru accepts your kill.
You shoot an arrow. The arrow hits the bone dragon.
The bone dragon is lightly damaged.
You shoot an arrow. The arrow hits the bone dragon.
The bone dragon is lightly damaged.
You shoot an arrow. The arrow hits the bone dragon.
The bone dragon is lightly damaged.
You block the bone dragon's attack. The bone dragon claws you.
The bone dragon tramples you but does no damage.
You shoot an arrow. The arrow hits the bone dragon!
The bone dragon is lightly damaged.
The bone dragon barely misses you. The bone dragon closely misses you.
The bone dragon tramples you.
You are shoved backwards!
You shoot an arrow. The arrow hits the bone dragon!
The bone dragon is moderately damaged.
You shoot an arrow.
The arrow hits the bone dragon but does no damage.
The bone dragon is moderately damaged.
The bone dragon closely misses you.
The bone dragon claws you but does no damage.
You block the bone dragon's attack.
You shoot an arrow.
The arrow barely misses the bone dragon.
The bone dragon bites you but does no damage.
The bone dragon claws you!
You die...

..# ..
.8 ## .
'. ....
. # ...
#.8###.
# # X
.#..#.
# # #.
# X8
.... .
.. . .
..# ..
. . .
#.# ..
###
###@##
. #D.#
. 7%.#
.#.# .7
#% .#
#. 7.
... #.
.# #
.##


You could see a bone dragon.

Vanquished Creatures
  2 tentacled starspawn (Abyss:2)
  An eleionoma (Lair:3)
  2 dire elephants (Lair:5)
  3 hydras
  A boulder beetle (D:11)
  4 two-headed ogres
  A death yak (Lair:4)
  Urug (D:11)
  Nergalle (D:11)
  A skyshark (Lair:5)
  A spatial maelstrom (Abyss:2)
  A cyclops (D:8)
  8 elephants
  9 black mambas
  A smoke demon (Abyss:2)
  11 cane toads
  A gargoyle (D:10)
  8 komodo dragons
  2 unseen horror zombies (D:9)
  A kobold demonologist (D:8)
  A rime drake (Lair:5)
  A troll (D:9)
  2 burning bushes (Lair:1)
  A hornet (D:11)
  6 polar bears
  28 blink frogs
  10 dream sheep
  A vampire (D:9)
  7 starcursed masses (Abyss:2)
  4 wyverns
  41 yaks
  Grum (D:11)
  4 basilisks
  3 steam dragons
  An acid dragon (D:11)
  5 hell hounds
  19 water moccasins
  6 black bears
  An ice beast (D:6)
  3 orc warriors
  2 ogres
  A small abomination (Abyss:2)
  2 centaurs
  3 wolves (D:11)
  2 kobold brigands (Sewer)
  An elf zombie (D:5)
  14 bullfrogs
  3 gnoll sergeants
  11 scorpions
  An elf skeleton (D:5)
  7 wights
  4 killer bees
  5 howler monkeys (D:11)
  4 human zombies
  2 hounds
  11 orc priests
  2 jellies
  A gnoll bouda (D:9)
  A human skeleton (D:5)
  Ijyb (D:3)
  Terence (D:2)
  7 orc wizards
  6 hell rats (Lair:1)
  An iguana (D:6)
  10 mummies
  3 howler monkey zombies (D:9)
  25 gnolls
  10 adders
  2 shadow imps (D:6)
  An ufetubus (D:5)
  An adder zombie (Ossuary)
  6 worms
  5 dart slugs
  43 orcs
  11 ball pythons
  14 endoplasms
  5 giant cockroaches
  4 goblins
  9 hobgoblins
  5 jackals
  8 kobolds
  2 quokkas
  8 bats
  5 frilled lizards
  A goblin zombie (Ossuary)
  4 jackal zombies (Ossuary)
  2 kobold zombies (Ossuary)
  2 orc zombies (Ossuary)
  5 rats
  A rat zombie (Ossuary)
  A starspawn tentacle (Abyss:2)
491 creatures vanquished.

Vanquished Creatures (others)
  5 starspawn tentacles (Abyss:2)
5 creatures vanquished.

Grand Total: 496 creatures vanquished

Notes
Turn   | Place    | Note
-------+----------+-------------------------------------------
     0 | D:1      | qw the Gargoyle Hunter began the quest for the Orb.
     0 | D:1      | Reached XP level 1. HP: 12/12 MP: 1/1
     0 | D:1      | 0 ||| qw: Version: 0.3-a-76-g4403597
     0 | D:1      | 0 ||| qw: Game counter: 620
     0 | D:1      | 0 ||| qw: Melee chars always use a shield: true
     0 | D:1      | 0 ||| qw: God list: Okawaru
     0 | D:1      | 0 ||| qw: Allow faded altars: false
     0 | D:1      | 0 ||| qw: Do Orc after clearing Dungeon:15 true
     0 | D:1      | 0 ||| qw: Do second Lair branch before Depths: true
     0 | D:1      | 0 ||| qw: Lair rune preference: random
     0 | D:1      | 0 ||| qw: Goals: Normal
     0 | D:1      | 0 ||| PLANNING D:1-11
    82 | D:1      | HP: 3/12 [gnoll/+0 whip (1)]
    84 | D:1      | Reached XP level 2. HP: 5/17 MP: 2/2
   389 | D:1      | Reached XP level 3. HP: 21/21 MP: 3/3
   425 | D:1      | Reached skill level 5 in Ranged Weapons
   529 | D:1      | 529 ||| Stepping ~*~*~tactically~*~*~ (outnumbered).
   827 | D:1      | 827 ||| UPGRADING to +0 ring mail.
   837 | D:1      | 837 ||| DROPPING +0 leather armour.
   838 | D:1      | 838 ||| READING 2 scrolls labelled VIEZIA HOITO.
   839 | D:1      | 839 ||| DROPPING scroll of butterflies.
  1063 | D:2      | Reached skill level 1 in Armour
  1063 | D:2      | Reached XP level 4. HP: 20/27 MP: 4/4
  1399 | D:2      | Noticed Terence
  1402 | D:2      | Killed Terence
  1403 | D:2      | Reached skill level 3 in Fighting
  1733 | D:2      | 1733 ||| UPGRADING to +2 ring mail of fire resistance.
  1743 | D:2      | 1743 ||| DROPPING +0 ring mail.
  1744 | D:2      | 1744 ||| UPGRADING to ring of protection from cold.
  1745 | D:2      | 1745 ||| READING scroll labelled PIZUDW HICKIUB.
  1746 | D:2      | 1746 ||| READING scroll labelled CUKO SUYKEWEIRPH.
  1747 | D:2      | 1747 ||| READING scroll labelled BUIXKU EMIB.
  1748 | D:2      | 1748 ||| READING scroll labelled IBUCHE FEUMN.
  1749 | D:2      | 1749 ||| DRINKING 2 viscous ruby potions.
  1750 | D:2      | 1750 ||| DROPPING potion of degeneration.
  2053 | D:3      | 2053 ||| RETREATING.
  2059 | D:3      | Reached XP level 5. HP: 32/32 MP: 5/5
  2224 | D:3      | Noticed Ijyb
  2298 | D:3      | Killed Ijyb
  2350 | D:3      | Found a runed translucent door.
  2351 | D:3      | Noticed Crazy Yiuf
  2401 | D:3      | 2401 ||| READING scroll of enchant weapon.
  2401 | D:3      | 2401 ||| ENCHANTING +1 shortbow.
  2709 | D:3      | 2709 ||| UPGRADING to +0 helmet.
  2714 | D:3      | 2714 ||| UPGRADING to +4 ring of protection.
  2715 | D:3      | 2715 ||| DRINKING 3 green potions.
  2716 | D:3      | 2716 ||| READING 3 scrolls of identify.
  2716 | D:3      | 2716 ||| IDENTIFYING fuming blue potion
  2717 | D:3      | 2717 ||| READING 2 scrolls of identify.
  2717 | D:3      | 2717 ||| IDENTIFYING viscous inky potion
  2718 | D:3      | 2718 ||| DROPPING potion of berserk rage.
  2719 | D:3      | 2719 ||| DROPPING 2 potions of brilliance.
  2929 | D:4      | 2929 ||| Stepping ~*~*~tactically~*~*~ (outnumbered).
  2939 | D:4      | Reached skill level 6 in Ranged Weapons
  2944 | D:4      | Reached XP level 6. HP: 16/38 MP: 6/6
  3664 | D:4      | 3664 ||| READING 4 scrolls labelled YDUHANIAGAIM.
  3667 | D:4      | 3667 ||| READING scroll labelled EGGOIDOGG.
  3668 | D:4      | 3668 ||| DRINKING 2 orange potions.
  3690 | D:5      | Entered Level 5 of the Dungeon
  3691 | D:5      | 3691 ||| PLANNING OSSUARY
  3706 | D:5      | Reached skill level 7 in Ranged Weapons
  3714 | D:5      | Reached XP level 7. HP: 43/43 MP: 7/7
  3813 | D:5      | Reached skill level 8 in Ranged Weapons
  3971 | D:5      | Found a white marble altar of Elyvilon.
  4088 | D:5      | Found Taverch's Antique Weapon Shoppe.
  4142 | D:5      | Reached XP level 8. HP: 49/49 MP: 8/8
  4194 | D:5      | Found a sand-covered staircase.
  4217 | Ossuary  | Entered an ossuary
  4381 | Ossuary  | 4381 ||| READING scroll of enchant weapon.
  4381 | Ossuary  | 4381 ||| ENCHANTING +2 shortbow.
  4384 | Ossuary  | 4384 ||| READING 2 scrolls of enchant weapon.
  4384 | Ossuary  | 4384 ||| ENCHANTING +3 shortbow.
  4385 | Ossuary  | 4385 ||| READING scroll of enchant weapon.
  4385 | Ossuary  | 4385 ||| ENCHANTING +4 shortbow.
  4416 | Ossuary  | 4416 ||| DRINKING 3 metallic sapphire potions.
  4417 | Ossuary  | 4417 ||| DRINKING 2 fuming grey potions.
  4418 | Ossuary  | 4418 ||| DRINKING 2 silvery potions.
  4419 | Ossuary  | 4419 ||| DRINKING 2 lumpy silvery potions.
  4441 | Ossuary  | 4441 ||| READING 3 scrolls of identify.
  4441 | Ossuary  | 4441 ||| IDENTIFYING amethyst potion
  4442 | Ossuary  | 4442 ||| READING 2 scrolls of identify.
  4442 | Ossuary  | 4442 ||| IDENTIFYING black potion
  4443 | Ossuary  | 4443 ||| DROPPING potion of ambrosia.
  4444 | Ossuary  | 4444 ||| DROPPING potion of lignification.
  4458 | D:5      | 4458 ||| PLANNING D:1-11
  4490 | D:5      | Reached skill level 9 in Ranged Weapons
  4684 | D:6      | 4684 ||| PLANNING SEWER
  4762 | D:6      | Found a hide-covered altar of Uskayaw.
  4827 | D:6      | Reached skill level 6 in Fighting
  4890 | D:6      | Found a sacrificial altar of Ru.
  4902 | D:6      | Found a blossoming altar of Fedhas.
  4933 | D:6      | 4933 ||| Stepping ~*~*~tactically~*~*~ (outnumbered).
  4935 | D:6      | 4935 ||| DRINKING potion of curing.
  4935 | D:6      | 4935 ||| (to cure confusion)
  4936 | D:6      | 4936 ||| Stepping ~*~*~tactically~*~*~ (outnumbered).
  5116 | D:6      | Reached skill level 10 in Ranged Weapons
  5159 | D:6      | Reached XP level 9. HP: 55/55 MP: 9/9
  5394 | D:6      | Found a glowing drain.
  5403 | D:6      | 5403 ||| UPGRADING to +0 cloak.
  5408 | D:6      | 5408 ||| READING scroll labelled SOKHUNT NYAGG.
  5410 | D:6      | 5410 ||| READING scroll labelled XIAMAC EQAHUEH.
  5426 | Sewer    | Entered a sewer
  5530 | Sewer    | 5530 ||| Stepping ~*~*~tactically~*~*~ (water).
  5542 | Sewer    | Reached skill level 3 in Armour
  5579 | Sewer    | 5579 ||| Stepping ~*~*~tactically~*~*~ (water).
  5632 | Sewer    | 5632 ||| Stepping ~*~*~tactically~*~*~ (water).
  5695 | Sewer    | 5695 ||| Stepping ~*~*~tactically~*~*~ (water).
  5722 | Sewer    | 5722 ||| Stepping ~*~*~tactically~*~*~ (water).
  5836 | Sewer    | 5836 ||| Stepping ~*~*~tactically~*~*~ (water).
  5901 | Sewer    | 5901 ||| Stepping ~*~*~tactically~*~*~ (water).
  5904 | Sewer    | 5904 ||| Stepping ~*~*~tactically~*~*~ (water).
  5912 | Sewer    | 5912 ||| READING scroll labelled QUENENINIG.
  5934 | D:6      | 5934 ||| PLANNING D:1-11
  6102 | D:7      | 6102 ||| SWAPPING to +0 arbalest.
  6103 | D:7      | 6103 ||| DROPPING +5 shortbow.
  6176 | D:7      | Found a radiant altar of Vehumet.
  6391 | D:7      | Found a staircase to the Ecumenical Temple.
  6392 | D:7      | 6392 ||| PLANNING TEMPLE
  6392 | D:7      | 6392 ||| READING scroll labelled ISCHEE AZXUOMN.
  6393 | D:7      | 6393 ||| READING 2 scrolls of identify.
  6393 | D:7      | 6393 ||| IDENTIFYING lumpy grey potion
  6402 | Temple   | Entered the Ecumenical Temple
  6403 | Temple   | 6403 ||| PLANNING OKAWARU WORSHIP
  6413 | Temple   | Became a worshipper of Warmaster Okawaru
  6414 | Temple   | 6414 ||| PLANNING D:1-11
  6430 | D:7      | Reached skill level 11 in Ranged Weapons
  6593 | D:7      | Reached skill level 3 in Dodging
  6724 | D:8      | Found Raap's Self-Improvement Boutique.
  6725 | D:8      | 6725 ||| RETREATING.
  6728 | D:8      | 6728 ||| STAIRDANCE
  6738 | D:8      | 6738 ||| STAIRDANCE
  6790 | D:8      | 6790 ||| STAIRDANCE
  6909 | D:8      | Reached * piety under Okawaru
  6980 | D:8      | Reached skill level 1 in Invocations
  7030 | D:8      | 7030 ||| INVOKING Heroism.
  7064 | D:8      | Reached XP level 10. HP: 64/64 MP: 9/11
  7129 | D:8      | Noticed a cyclops
  7130 | D:8      | 7130 ||| INVOKING Heroism.
  7134 | D:8      | Killed a cyclops
  7135 | D:8      | Reached skill level 3 in Invocations
  7400 | D:8      | Found a glowing golden altar of the Shining One.
  7535 | D:8      | 7535 ||| INVOKING Heroism.
  7586 | D:8      | Found Ufydigun's Jewellery Boutique.
  7592 | D:8      | 7592 ||| SHOPLISTING +5 ring of evasion (540 gold, have
                  | 501).
  7592 | D:8      | 7592 ||| SHOPLISTING amulet "Abluobo" {RegenMP Will+} (639
                  | gold, have 501).
  7592 | D:8      | 7592 ||| BUYING amulet of reflection (450 gold).
  7592 | D:8      | Bought an amulet of reflection for 450 gold pieces
  7592 | D:8      | 7592 ||| SHOPLISTING ring of fire (375 gold, have 51).
  7592 | D:8      | 7592 ||| SHOPLISTING ring of see invisible (225 gold, have
                  | 51).
  7617 | D:8      | 7617 ||| UPGRADING to amulet of reflection.
  7622 | D:8      | 7622 ||| READING scroll labelled JABRO YTEESHREI.
  7623 | D:8      | 7623 ||| READING scroll labelled VUVOMEIDGHE.
  7731 | D:9      | Noticed a kobold demonologist
  7732 | D:9      | 7732 ||| STAIRDANCE
  7754 | D:9      | 7754 ||| STAIRDANCE
  7756 | D:8      | 7756 ||| Stepping ~*~*~tactically~*~*~ (retreating).
  7763 | D:8      | Killed a kobold demonologist
  7764 | D:8      | Reached skill level 12 in Ranged Weapons
  7774 | D:9      | 7774 ||| INVOKING Heroism.
  7886 | D:9      | Found a staircase to the Orcish Mines.
  7889 | D:9      | 7889 ||| Stepping ~*~*~tactically~*~*~ (outnumbered).
  7893 | D:9      | 7893 ||| INVOKING Heroism.
  8040 | D:9      | 8040 ||| DRINKING potion of curing.
  8040 | D:9      | 8040 ||| (to cure confusion)
  8156 | D:9      | 8156 ||| INVOKING Heroism.
  8169 | D:9      | 8169 ||| Stepping ~*~*~tactically~*~*~ (retreating).
  8170 | D:9      | 8170 ||| Stepping ~*~*~tactically~*~*~ (retreating).
  8171 | D:9      | 8171 ||| Stepping ~*~*~tactically~*~*~ (retreating).
  8173 | D:9      | 8173 ||| Stepping ~*~*~tactically~*~*~ (retreating).
  8201 | D:9      | 8201 ||| INVOKING Heroism.
  8286 | D:9      | Found an ancient bone altar of Kikubaaqudgha.
  8329 | D:9      | Reached skill level 13 in Ranged Weapons
  8445 | D:9      | 8445 ||| RETREATING.
  8457 | D:9      | 8457 ||| Stepping ~*~*~tactically~*~*~ (retreating).
  8466 | D:9      | Reached ** piety under Okawaru
  8476 | D:9      | Reached skill level 9 in Fighting
  8543 | D:9      | 8543 ||| INVOKING Heroism.
  8548 | D:9      | Reached XP level 11. HP: 69/71 MP: 11/14
  8577 | D:9      | Identified the +10 halberd of the Dwarven Hall {speed,
                  | rElec rC+ rCorr}
  8619 | D:9      | Found a glowing silver altar of Zin.
  8625 | D:9      | 8625 ||| INVOKING Heroism.
  8749 | D:9      | Found a shadowy altar of Dithmenos.
  8793 | D:9      | 8793 ||| READING 2 scrolls of identify.
  8793 | D:9      | 8793 ||| IDENTIFYING puce potion
  8809 | D:10     | Entered Level 10 of the Dungeon
  8850 | D:10     | 8850 ||| INVOKING Heroism.
  8954 | D:10     | Found a shimmering altar of Xom.
  8989 | D:10     | 8989 ||| Stepping ~*~*~tactically~*~*~ (outnumbered).
  9225 | D:10     | Noticed a two-headed ogre
  9226 | D:10     | 9226 ||| INVOKING Heroism.
  9233 | D:10     | Killed a two-headed ogre
  9233 | D:10     | Reached *** piety under Okawaru
  9383 | D:10     | Noticed a two-headed ogre
  9384 | D:10     | 9384 ||| INVOKING Heroism.
  9394 | D:10     | Killed a two-headed ogre
  9395 | D:10     | Reached skill level 14 in Ranged Weapons
  9637 | D:10     | 9637 ||| UPGRADING to +1 cloak.
  9647 | D:10     | 9647 ||| DROPPING +0 cloak.
  9648 | D:10     | 9648 ||| DROPPING scarf of harm.
  9649 | D:10     | 9649 ||| READING scroll labelled WUW GAVEWE.
  9695 | D:10     | 9695 ||| DRINKING 2 glowing silvery potions.
  9722 | D:11     | Found a staircase to the Lair.
  9723 | D:11     | 9723 ||| RETREATING.
  9735 | D:11     | 9735 ||| INVOKING Heroism.
  9744 | D:11     | HP: 13/71 [elephant (11)]
  9745 | D:11     | 9745 ||| READING 7 scrolls of teleportation.
  9746 | D:11     | 9746 ||| DRINKING potion of heal wounds.
  9749 | D:11     | Noticed Urug
  9750 | D:11     | 9750 ||| READING 6 scrolls of teleportation.
  9751 | D:11     | 9751 ||| Stepping ~*~*~tactically~*~*~ (retreating).
  9752 | D:11     | 9752 ||| Stepping ~*~*~tactically~*~*~ (retreating).
  9754 | D:11     | Noticed Nergalle
  9754 | D:11     | Noticed Grum
  9755 | D:11     | 9755 ||| READING 5 scrolls of teleportation.
  9757 | D:11     | Noticed a two-headed ogre
  9758 | D:11     | HP: 10/72 [wolf[Grum] (6)]
 10006 | D:11     | You fall into a shaft and drop 3 floors!
 10038 | D:12     | Noticed a two-headed ogre
 10039 | D:12     | 10039 ||| INVOKING Heroism.
 10044 | D:12     | Killed a two-headed ogre
 10114 | D:12     | 10114 ||| Stepping ~*~*~tactically~*~*~ (outnumbered).
 10297 | D:11     | 10297 ||| INVOKING Heroism.
 10306 | D:11     | Killed Urug
 10327 | D:11     | 10327 ||| INVOKING Heroism.
 10331 | D:11     | 10331 ||| RETREATING.
 10333 | D:11     | 10333 ||| Stepping ~*~*~tactically~*~*~ (retreating).
 10335 | D:11     | 10335 ||| Stepping ~*~*~tactically~*~*~ (retreating).
 10336 | D:11     | 10336 ||| Stepping ~*~*~tactically~*~*~ (retreating).
 10337 | D:11     | 10337 ||| Stepping ~*~*~tactically~*~*~ (retreating).
 10338 | D:11     | 10338 ||| Stepping ~*~*~tactically~*~*~ (retreating).
 10339 | D:11     | 10339 ||| Stepping ~*~*~tactically~*~*~ (retreating).
 10341 | D:11     | 10341 ||| Stepping ~*~*~tactically~*~*~ (retreating).
 10342 | D:11     | 10342 ||| Stepping ~*~*~tactically~*~*~ (retreating).
 10344 | D:11     | 10344 ||| Stepping ~*~*~tactically~*~*~ (retreating).
 10346 | D:11     | 10346 ||| INVOKING Heroism.
 10352 | D:11     | 10352 ||| Stepping ~*~*~tactically~*~*~ (retreating).
 10353 | D:11     | 10353 ||| Stepping ~*~*~tactically~*~*~ (retreating).
 10359 | D:11     | 10359 ||| DRINKING potion of cancellation.
 10360 | D:11     | Killed Grum
 10360 | D:11     | HP: 18/72 [orc priest/nerve-wracking pain (5)]
 10361 | D:11     | 10361 ||| READING 4 scrolls of teleportation.
 10445 | D:11     | 10445 ||| INVOKING Heroism.
 10494 | D:11     | 10494 ||| INVOKING Heroism.
 10507 | D:11     | Killed Nergalle
 10508 | D:11     | Reached skill level 15 in Ranged Weapons
 10648 | D:11     | 10648 ||| INVOKING Heroism.
 10839 | D:11     | 10839 ||| INVOKING Heroism.
 10843 | D:11     | Killed a two-headed ogre
 10844 | D:11     | Reached XP level 12. HP: 77/77 MP: 12/15
 10909 | D:11     | Noticed a boulder beetle
 10910 | D:11     | 10910 ||| INVOKING Heroism.
 10917 | D:11     | Killed a boulder beetle
 10917 | D:11     | Reached **** piety under Okawaru
 10951 | D:11     | 10951 ||| READING scroll of enchant armour.
 10951 | D:11     | 10951 ||| ENCHANTING +0 helmet.
 11077 | D:11     | 11077 ||| PLANNING LAIR
 11077 | D:11     | 11077 ||| READING 2 scrolls of identify.
 11077 | D:11     | 11077 ||| IDENTIFYING clear potion
 11078 | D:11     | 11078 ||| DROPPING potion of attraction.
 11130 | Lair:1   | Entered Level 1 of the Lair of Beasts
 11135 | Lair:1   | 11135 ||| Stepping ~*~*~tactically~*~*~ (outnumbered).
 11141 | Lair:1   | 11141 ||| Stepping ~*~*~tactically~*~*~ (retreating).
 11142 | Lair:1   | 11142 ||| Stepping ~*~*~tactically~*~*~ (retreating).
 11151 | Lair:1   | 11151 ||| INVOKING Heroism.
 11154 | Lair:1   | HP: 18/77 [burning bush/puff of flame (7)]
 11155 | Lair:1   | 11155 ||| READING 3 scrolls of teleportation.
 11155 | Lair:1   | HP: 7/77 [yak (9)]
 11162 | Lair:1   | 11162 ||| READING 2 scrolls of teleportation.
 11166 | Lair:1   | 11166 ||| READING scroll of teleportation.
 11508 | Lair:1   | 11508 ||| INVOKING Heroism.
 11516 | Lair:1   | 11516 ||| Stepping ~*~*~tactically~*~*~ (retreating).
 11517 | Lair:1   | 11517 ||| Stepping ~*~*~tactically~*~*~ (retreating).
 11518 | Lair:1   | 11518 ||| Stepping ~*~*~tactically~*~*~ (retreating).
 11519 | Lair:1   | 11519 ||| Stepping ~*~*~tactically~*~*~ (retreating).
 11520 | Lair:1   | 11520 ||| Stepping ~*~*~tactically~*~*~ (retreating).
 11521 | Lair:1   | 11521 ||| Stepping ~*~*~tactically~*~*~ (retreating).
 11522 | Lair:1   | 11522 ||| Stepping ~*~*~tactically~*~*~ (retreating).
 11530 | Lair:1   | 11530 ||| Stepping ~*~*~tactically~*~*~ (retreating).
 11531 | Lair:1   | 11531 ||| Stepping ~*~*~tactically~*~*~ (retreating).
 11532 | Lair:1   | 11532 ||| Stepping ~*~*~tactically~*~*~ (retreating).
 11533 | Lair:1   | 11533 ||| RETREATING.
 11534 | Lair:1   | 11534 ||| INVOKING Heroism.
 11567 | Lair:1   | 11567 ||| INVOKING Heroism.
 11825 | Lair:1   | Received a gift from Okawaru
 11826 | Lair:1   | Reached skill level 16 in Ranged Weapons
 11975 | Lair:1   | Identified the +7 short sword of Wyrd {antimagic, Dex+3}
 12056 | Lair:1   | 12056 ||| INVOKING Heroism.
 12060 | Lair:1   | 12060 ||| Stepping ~*~*~tactically~*~*~ (retreating).
 12062 | Lair:1   | 12062 ||| Stepping ~*~*~tactically~*~*~ (retreating).
 12074 | Lair:1   | 12074 ||| RETREATING.
 12085 | Lair:1   | 12085 ||| INVOKING Heroism.
 12434 | Lair:2   | Noticed a four-headed hydra
 12435 | Lair:2   | 12435 ||| RETREATING.
 12436 | Lair:2   | 12436 ||| INVOKING Heroism.
 12444 | Lair:2   | Killed a four-headed hydra
 12525 | Lair:2   | Noticed a five-headed hydra
 12526 | Lair:2   | 12526 ||| INVOKING Heroism.
 12533 | Lair:2   | Killed a five-headed hydra
 12534 | Lair:2   | Reached skill level 6 in Invocations
 12704 | Lair:2   | 12704 ||| FLEEEEING.
 12705 | Lair:2   | 12705 ||| FLEEEEING.
 12706 | Lair:2   | 12706 ||| FLEEEEING.
 12707 | Lair:2   | 12707 ||| FLEEEEING.
 12708 | Lair:2   | 12708 ||| FLEEEEING.
 12714 | Lair:2   | Found a hole to the Spider Nest.
 12754 | Lair:2   | Reached ***** piety under Okawaru
 13175 | Lair:2   | Reached XP level 13. HP: 84/84 MP: 18/18
 13175 | Lair:2   | 13175 ||| RETREATING.
 13188 | Lair:2   | Received a gift from Okawaru
 13275 | Lair:2   | 13275 ||| SWAPPING to +5 orcbow.
 13276 | Lair:2   | 13276 ||| DROPPING +0 arbalest.
 13277 | Lair:2   | 13277 ||| DROPPING +6 ring of intelligence.
 13347 | Lair:3   | Found a staircase to the Swamp.
 13347 | Lair:3   | Noticed an eleionoma
 13362 | Lair:3   | 13362 ||| INVOKING Heroism.
 13366 | Lair:3   | Killed an eleionoma
 13514 | Lair:3   | 13514 ||| INVOKING Heroism.
 13549 | Lair:3   | 13549 ||| INVOKING Heroism.
 13553 | Lair:3   | 13553 ||| RETREATING.
 13561 | Lair:3   | Reached skill level 6 in Armour
 13594 | Lair:3   | Identified the ring of Pantheism {Wiz Fly Will+ Str-4
                  | Int+2}
 13627 | Lair:3   | 13627 ||| INVOKING Heroism.
 13632 | Lair:3   | 13632 ||| RETREATING.
 13640 | Lair:3   | 13640 ||| Stepping ~*~*~tactically~*~*~ (retreating).
 13641 | Lair:3   | 13641 ||| Stepping ~*~*~tactically~*~*~ (retreating).
 13642 | Lair:3   | 13642 ||| Stepping ~*~*~tactically~*~*~ (retreating).
 13643 | Lair:3   | 13643 ||| Stepping ~*~*~tactically~*~*~ (retreating).
 13675 | Lair:3   | 13675 ||| INVOKING Heroism.
 13744 | Lair:3   | Reached skill level 9 in Invocations
 13993 | Lair:3   | 13993 ||| INVOKING Heroism.
 14209 | Lair:3   | 14209 ||| RETREATING.
 14212 | Lair:3   | 14212 ||| RETREATING.
 14213 | Lair:3   | 14213 ||| Stepping ~*~*~tactically~*~*~ (retreating).
 14470 | Lair:3   | 14470 ||| UPGRADING to ring of Pantheism {Wiz Fly Will+
                  | Str-4 Int+2}.
 14472 | Lair:3   | 14472 ||| DROPPING ring of flight.
 14505 | Lair:4   | Reached skill level 12 in Fighting
 14522 | Lair:4   | 14522 ||| RETREATING.
 14594 | Lair:4   | Found a staircase to the Slime Pits.
 14621 | Lair:4   | 14621 ||| INVOKING Heroism.
 14698 | Lair:4   | Identified the +2 leather armour "Iruylus" {rCorr}
 14701 | Lair:4   | 14701 ||| INVOKING Heroism.
 14755 | Lair:4   | 14755 ||| INVOKING Heroism.
 14806 | Lair:4   | 14806 ||| FLEEEEING.
 14808 | Lair:4   | 14808 ||| FLEEEEING.
 14809 | Lair:4   | 14809 ||| FLEEEEING.
 14810 | Lair:4   | 14810 ||| FLEEEEING.
 14811 | Lair:4   | 14811 ||| FLEEEEING.
 14812 | Lair:4   | 14812 ||| FLEEEEING.
 14813 | Lair:4   | 14813 ||| FLEEEEING.
 14814 | Lair:4   | 14814 ||| FLEEEEING.
 14815 | Lair:4   | 14815 ||| FLEEEEING.
 14816 | Lair:4   | 14816 ||| FLEEEEING.
 14817 | Lair:4   | 14817 ||| FLEEEEING.
 14818 | Lair:4   | 14818 ||| FLEEEEING.
 14819 | Lair:4   | 14819 ||| FLEEEEING.
 14822 | Lair:4   | 14822 ||| INVOKING Heroism.
 15354 | Lair:4   | 15354 ||| RETREATING.
 15723 | Lair:4   | 15723 ||| DROPPING +0 acid dragon scales.
 15731 | Lair:5   | Entered Level 5 of the Lair of Beasts
 15732 | Lair:5   | 15732 ||| STAIRDANCE
 15734 | Lair:4   | 15734 ||| Stepping ~*~*~tactically~*~*~ (retreating).
 15735 | Lair:4   | 15735 ||| Stepping ~*~*~tactically~*~*~ (retreating).
 15736 | Lair:4   | 15736 ||| Stepping ~*~*~tactically~*~*~ (retreating).
 15737 | Lair:4   | 15737 ||| Stepping ~*~*~tactically~*~*~ (retreating).
 15738 | Lair:4   | 15738 ||| Stepping ~*~*~tactically~*~*~ (retreating).
 15782 | Lair:5   | 15782 ||| INVOKING Heroism.
 15830 | Lair:5   | 15830 ||| INVOKING Heroism.
 15832 | Lair:5   | 15832 ||| RETREATING.
 15847 | Lair:5   | 15847 ||| Stepping ~*~*~tactically~*~*~ (retreating).
 15855 | Lair:5   | Received a gift from Okawaru
 15871 | Lair:5   | 15871 ||| RETREATING.
 15880 | Lair:5   | 15880 ||| Stepping ~*~*~tactically~*~*~ (retreating).
 15881 | Lair:5   | 15881 ||| Stepping ~*~*~tactically~*~*~ (retreating).
 15882 | Lair:5   | 15882 ||| Stepping ~*~*~tactically~*~*~ (retreating).
 15883 | Lair:5   | 15883 ||| Stepping ~*~*~tactically~*~*~ (retreating).
 15884 | Lair:5   | 15884 ||| Stepping ~*~*~tactically~*~*~ (retreating).
 15885 | Lair:5   | 15885 ||| Stepping ~*~*~tactically~*~*~ (retreating).
 15886 | Lair:5   | 15886 ||| INVOKING Heroism.
 15897 | Lair:5   | 15897 ||| Stepping ~*~*~tactically~*~*~ (retreating).
 16007 | Lair:5   | 16007 ||| Stepping ~*~*~tactically~*~*~ (retreating).
 16011 | Lair:5   | Reached skill level 6 in Dodging
 16014 | Lair:5   | 16014 ||| Stepping ~*~*~tactically~*~*~ (retreating).
 16015 | Lair:5   | 16015 ||| Stepping ~*~*~tactically~*~*~ (retreating).
 16016 | Lair:5   | 16016 ||| RETREATING.
 16017 | Lair:5   | 16017 ||| Stepping ~*~*~tactically~*~*~ (retreating).
 16018 | Lair:5   | 16018 ||| Stepping ~*~*~tactically~*~*~ (retreating).
 16019 | Lair:5   | 16019 ||| FLEEEEING.
 16020 | Lair:5   | 16020 ||| FLEEEEING.
 16021 | Lair:5   | 16021 ||| FLEEEEING.
 16023 | Lair:5   | 16023 ||| FLEEEEING.
 16024 | Lair:5   | 16024 ||| STAIRDANCE
 16062 | Lair:4   | 16062 ||| UPGRADING to +0 pair of gloves.
 16069 | Lair:5   | 16069 ||| STAIRDANCE
 16079 | Lair:4   | 16079 ||| INVOKING Heroism.
 16205 | Lair:5   | 16205 ||| STAIRDANCE
 16207 | Lair:5   | Gained mutation: Your large and strong wings let you fly.
                  | [Gargoyle growth]
 16207 | Lair:5   | Reached XP level 14. HP: 88/94 MP: 21/21
 16412 | Lair:5   | Noticed a dire elephant
 16413 | Lair:5   | 16413 ||| INVOKING Heroism.
 16426 | Lair:5   | 16426 ||| Stepping ~*~*~tactically~*~*~ (retreating).
 16427 | Lair:5   | 16427 ||| Stepping ~*~*~tactically~*~*~ (retreating).
 16428 | Lair:5   | 16428 ||| Stepping ~*~*~tactically~*~*~ (retreating).
 16431 | Lair:5   | HP: 10/94 [dire elephant (26)]
 16432 | Lair:5   | 16432 ||| READING 2 scrolls of teleportation.
 16439 | Lair:5   | 16439 ||| READING scroll of teleportation.
 16440 | Lair:5   | 16440 ||| Stepping ~*~*~tactically~*~*~ (retreating).
 16441 | Lair:5   | 16441 ||| Stepping ~*~*~tactically~*~*~ (retreating).
 16442 | Lair:5   | 16442 ||| Stepping ~*~*~tactically~*~*~ (retreating).
 16452 | Lair:5   | HP: 6/94 [dream sheep (5)]
 16679 | Lair:5   | 16679 ||| INVOKING Heroism.
 16857 | Lair:5   | 16857 ||| INVOKING Heroism.
 16870 | Lair:5   | Killed a dire elephant
 17082 | Lair:5   | 17082 ||| INVOKING Heroism.
 17085 | Lair:5   | 17085 ||| DROPPING +0 robe of willpower.
 17454 | Lair:5   | Noticed a dire elephant
 17455 | Lair:5   | 17455 ||| INVOKING Heroism.
 17475 | Lair:5   | HP: 20/96 [dire elephant (10)]
 17476 | Lair:5   | 17476 ||| DRINKING potion of heal wounds.
 17488 | Lair:5   | Killed a dire elephant
 17488 | Lair:5   | Received a gift from Okawaru
 17489 | Lair:5   | Reached skill level 9 in Armour
 17648 | Abyss:2  | Cast into level 2 of the Abyss (a wizard)
 17694 | Abyss:2  | Noticed a tentacled starspawn
 17705 | Abyss:2  | 17705 ||| INVOKING Heroism.
 17708 | Abyss:2  | Killed a tentacled starspawn
 17732 | Abyss:2  | Noticed a starcursed mass
 17736 | Abyss:2  | 17736 ||| Stepping ~*~*~tactically~*~*~ (outnumbered).
 17741 | Abyss:2  | 17741 ||| INVOKING Heroism.
 17755 | Abyss:2  | Noticed a tentacled starspawn
 17760 | Abyss:2  | 17760 ||| INVOKING Heroism.
 17764 | Abyss:2  | 17764 ||| Stepping ~*~*~tactically~*~*~ (retreating).
 17764 | Abyss:2  | HP: 24/96 [starcursed mass/accursed screaming (6)]
 17765 | Abyss:2  | 17765 ||| Stepping ~*~*~tactically~*~*~ (retreating).
 17766 | Abyss:2  | 17766 ||| Stepping ~*~*~tactically~*~*~ (retreating).
 17767 | Abyss:2  | 17767 ||| Stepping ~*~*~tactically~*~*~ (retreating).
 17768 | Abyss:2  | 17768 ||| Stepping ~*~*~tactically~*~*~ (retreating).
 17769 | Abyss:2  | 17769 ||| Stepping ~*~*~tactically~*~*~ (outnumbered).
 17770 | Abyss:2  | 17770 ||| Stepping ~*~*~tactically~*~*~ (retreating).
 17770 | Abyss:2  | HP: 9/96 [starcursed mass/accursed screaming (11)]
 17770 | Abyss:2  | Paralysed by accursed screaming for 1 turns
 17771 | Abyss:2  | 17771 ||| Stepping ~*~*~tactically~*~*~ (retreating).
 17772 | Abyss:2  | 17772 ||| Stepping ~*~*~tactically~*~*~ (outnumbered).
 17775 | Abyss:2  | Killed a tentacled starspawn
 17779 | Abyss:2  | HP: 8/96 [starcursed mass/accursed screaming (4)]
 17796 | Abyss:2  | HP: 8/96 [starcursed mass/accursed screaming (5)]
 17797 | Abyss:2  | HP: 2/96 [starcursed mass/accursed screaming (6)]
 17818 | Abyss:2  | 17818 ||| INVOKING Heroism.
 17832 | Abyss:2  | HP: 8/96 [something/ball of steam (6)]
 17837 | Abyss:2  | Noticed a bone dragon
 17840 | Abyss:2  | HP: 9/96 [bone dragon (1)]
 17844 | Abyss:2  | Slain by a bone dragon

Levels and vault maps discovered:
D:1:      dpeg_arrival_three_bigger_balls, layout_loops_ring
D:2:      layout_basic, uniq_terence
D:3:      layout_loops_ring, uniq_crazy_yiuf_cottage, uniq_ijyb
D:4:      layout_gridville, grunt_decor_resistance, lemuel_flame_loot_1
D:5:      layout_loops_cross, nicolae_elyvilon_temple_path,
          nicolae_ossuary_entry_catacombs, serial_shops,
          nicolae_shop_just_a_little_nook
D:6:      layout_basic, kennysheep_mini_moat, nicolae_uskayaw_suspiria,
          nicolae_ru_path_of_blood, cheibrodos_sewer_entry_bend
D:7:      layout_rooms, mainiacjoe_overflow_concentric_impassable,
          minmay_temple_entry_gardened_gates
D:8:      layout_loops_ring, tso_altar, serial_shops, shop,
          nicolae_shop_self_help
D:9:      layout_cross, nicolae_dithmenos_the_darkroom, zin_statuary,
          lemuel_mausoleum_altar_kikubaaqudgha, david_orc_3, enter_bailey_2
D:10:     layout_basic, mainiacjoe_overflow_cross_hatched, chequers_jeans
D:11:     layout_loops_cross, david_lair_generic, eino_tiny_chamber, uniq_urug,
          uniq_nergalle, uniq_grum
D:12:     layout_small_grid
D:13:     layout_long_grid, lightli_vaults_fourway_checkpoint, glass_columns_a,
          kennysheep_cross_room, grunt_decor_cap
D:14:     layout_stronghold, hangedman_abyss_or_decor_stabs,
          minmay_misc_feat_encased
Temple:   hellmonk_temple_flake
Lair:1:   layout_cave_pods, evilmike_ambush [evilmike_ambush_outer_corners,
          evilmike_ambush_inner_basic], grunt_megastairs_3
Lair:2:   layout_long_grid, nicolae_spider_entry_non_spiders,
          serial_bayou_shore_b, serial_bayou_shore_b, grunt_megastairs_1,
          lemuel_fruit_tree
Lair:3:   layout_regular_city, alex1729_swamp_entry_worm_eleionoma,
          serial_bayou_shore_b, lemuel_fruit_fields
Lair:4:   layout_layer_cave, slime_entry_1, pdpol_lair_neglected_garden,
          beast_lair_carwin_11
Lair:5:   evil_forest, layout_small_grid, portal_ice_cave_entry_pillars_2,
          serial_bayou_pond_d, minmay_lindwurm_lava
Abyss:2:  base:
D:6

Skill      XL: |  1  2  3  4  5  6  7  8  9 10 11 12 13 14 |
---------------+-------------------------------------------+-----
Ranged Weapons | 5 6 7 8 10 11 13 15 16 | 16.3
Armour         | 1 2 3 4 5 7 9 |  9.1
Fighting       | 3 4 5 6 8 9 10 11 13 14 | 14.2
Dodging        | 2 3 4 5 6 7 |  7.0
Invocations    | 1 4 7 10 | 10.0
Stealth        | |  1.1

Action                     |  1- 3 |  4- 6 |  7- 9 | 10-12 | 13-15 || total
---------------------------+-------+-------+-------+-------+-------++-------
   Fire: Shortbow          |   130 |   200 |   356 |       |       ||   686
         Arbalest          |       |       |    93 |   722 |    16 ||   831
         Orcbow            |       |       |       |       |   846 ||   846
 Invoke: Heroism           |       |       |     1 |    29 |    23 ||    53
    Use: Scroll            |     1 |     9 |    10 |    13 |     2 ||    35
         Potion            |       |     3 |     5 |     4 |     1 ||    13
 Armour: Leather armour    |    39 |       |       |       |       ||    39
         Ring mail         |    39 |    84 |   246 |   391 |   275 ||  1035
  Dodge: Dodged            |    59 |    57 |   269 |   340 |   227 ||   952
  Block: Other             |       |       |       |   110 |    74 ||   184
         Reflection        |       |       |       |     5 |       ||     5

Table legend:
 A = Non-vault XP
 B = Vault XP
 C = Vault XP percentage of total XP
 D = Non-vault monster count
 E = Vault monster count
 F = Vault count percentage of total count
                 A         B        C        D         E       F
            +---------+---------+-------+---------+---------+-------
      Total |   54351 |   17324 |  24.2 |     373 |     117 |  23.9
            +---------+---------+-------+---------+---------+-------
        D:1 |      61 |       0 |   0.0 |      26 |       0 |   0.0
        D:2 |      43 |      36 |  45.6 |      16 |       1 |   5.9
        D:3 |      43 |      36 |  45.6 |      19 |       1 |   5.0
        D:4 |     310 |       0 |   0.0 |      24 |       0 |   0.0
        D:5 |     736 |     296 |  28.7 |      17 |       5 |  22.7
        D:6 |     812 |       5 |   0.6 |      21 |       1 |   4.5
        D:7 |     985 |       0 |   0.0 |      19 |       0 |   0.0
        D:8 |    2175 |       0 |   0.0 |      18 |       0 |   0.0
        D:9 |    2267 |    1246 |  35.5 |      27 |      19 |  41.3
       D:10 |    3411 |       0 |   0.0 |      14 |       0 |   0.0
       D:11 |    2869 |    3126 |  52.1 |      20 |      10 |  33.3
       D:12 |     895 |       0 |   0.0 |       5 |       0 |   0.0
     Lair:1 |    4739 |    1012 |  17.6 |      23 |       5 |  17.9
     Lair:2 |    5638 |    1585 |  21.9 |      21 |      10 |  32.3
     Lair:3 |    7130 |    1061 |  13.0 |      25 |       1 |   3.8
     Lair:4 |    6743 |    2681 |  28.4 |      25 |       7 |  21.9
     Lair:5 |    9888 |    5788 |  36.9 |      37 |      13 |  26.0
    Abyss:2 |    5606 |       0 |   0.0 |      16 |       0 |   0.0
      Sewer |       0 |     315 | 100.0 |       0 |      28 | 100.0
    Ossuary |       0 |     137 | 100.0 |       0 |      16 | 100.0
            +---------+---------+-------+---------+---------+-------
